Punishers vs Staline
(R1)
Created - January 22, 2019 at 20:37
Goals
|
| Punishers |
2 |
1 |
2 |
5 |
| Staline |
1 |
0 |
5 |
6 |
|
Shots
|
| Punishers |
15 |
7 |
7 |
29 |
| Staline |
11 |
8 |
12 |
31 |
|
1st period
1. Punishers , Zack Hamill 28 (Robbie Earl 22) at 8:22 (SH)
2. Staline , Jordan Szwarz 17 (Corey Trivino 21) at 8:53 (PP)
3. Punishers , Robbie Earl 23 (Zack Hamill 48) at 19:13
Penalties :
Garret Ross (Pro) for Interference (Minor) at 5:14, Miikka Salomaki (Pro) for Tripping (Minor) at 8:00
2nd period
4. Punishers , Zack Hamill 29 (Mattias Tedenby 18) at 10:36
Penalties :
Jason Akeson (StJ) for Roughing (Minor) at 1:51, Tyler Bertuzzi (Pro) for Hooking (Minor) at 6:53, Lars Eller (StJ) for Holding (Minor) at 7:34, Carter Ashton (Pro) for Tripping (Minor) at 15:55, Robbie Earl (Pro) for Hooking (Minor) at 19:52
3rd period
5. Staline , Cameron Gaunce 9 (Lars Eller 40) at 0:49 (PP)
6. Punishers , Mattias Tedenby 20 (Adam Pelech 14) at 3:37 (SH)
7. Staline , Lars Eller 20 (Brian Dumoulin 15, Nick Spaling 28) at 9:51
8. Staline , Lars Eller 21 (Jason Akeson 25) at 9:55
9. Punishers , Miikka Salomaki 19 (Colton Gillies 16) at 14:08 (PP)
10. Staline , Lars Eller 22 (Nick Spaling 29, Brian Dumoulin 16) at 14:38
11. Staline , Peter Holland 10 (Viktor Loov 10) at 17:24
Penalties :
Boone Jenner (Pro) for Holding (Minor) at 3:02, Garret Ross (Pro) for High sticking (Minor) at 11:24, Bryan Bickell (StJ) for Holding (Minor) at 12:42
Goalie Stats
Kristers Gudlevskis (Pro), 25 saves from 31 shots - (0.806), L, 7-13-2, 59:11 minutes
Andrew Hammond (StJ), 24 saves from 29 shots - (0.828), W, 11-7-4, 60:00 minutes
Players Stats for Punishers
Player Name G A P +/- PIM S H SB GA TA FO MP PP MP PK MP
------------------------------------------------------------------------------------
Adam Pelech 0 1 1 0 0 1 5 1 0 0 0/0 26:23 1:54 6:01
Boone Jenner 0 0 0 -1 2 2 0 0 1 0 10/17 15:21 2:11 0:00
Carter Ashton 0 0 0 -1 2 3 3 2 1 0 0/0 7:10 0:00 0:00
Colton Gillies 0 1 1 0 0 3 5 0 0 0 1/1 18:23 2:09 2:41
Dan Bertram 0 0 0 0 0 0 2 0 1 1 0/0 10:06 0:00 1:35
Dylan DeMelo 0 0 0 -1 0 0 0 0 1 0 0/0 10:31 0:00 0:26
Garret Ross 0 0 0 0 4 0 3 0 0 0 0/0 8:34 0:00 0:00
John Macfarland 0 0 0 0 0 0 0 0 0 0 0/0 0:58 0:02 0:41
Jordan Schmaltz 0 0 0 1 0 1 1 0 2 2 0/0 20:13 1:31 3:19
Madison Bowey 0 0 0 -1 0 0 0 0 0 0 0/0 10:05 0:00 0:00
Mark Jankowski 0 0 0 0 0 0 2 0 0 0 3/5 8:31 0:00 0:00
Mattias Tedenby 1 1 2 1 0 5 3 2 1 0 2/4 20:24 1:14 2:41
Michael Joly 0 0 0 0 0 0 0 0 0 0 0/0 0:17 0:02 0:00
Miikka Salomaki 1 0 1 -1 2 3 1 0 0 0 0/1 15:04 2:09 0:00
Patrick Wiercioch 0 0 0 1 0 0 0 2 0 0 0/0 20:13 1:31 3:19
Radek Faksa 0 0 0 -1 0 1 0 0 0 0 1/1 7:11 0:00 0:00
Robbie Earl 1 1 2 1 2 2 2 0 1 3 0/1 23:59 1:14 5:27
Stefan Elliott 0 0 0 0 0 2 3 2 0 2 0/0 29:16 1:54 6:01
Trevor Van Riemsdyk 0 0 0 0 0 0 1 0 0 0 0/0 3:19 0:00 0:26
Tyler Bertuzzi 0 0 0 -1 2 0 0 0 0 0 0/0 7:10 0:00 0:00
Zack Hamill 2 1 3 1 0 6 2 1 1 0 25/45 25:00 1:14 6:27
Players Stats for Staline
Player Name G A P +/- PIM S H SB GA TA FO MP PP MP PK MP
------------------------------------------------------------------------------------
Alex Petrovic 0 0 0 0 0 0 0 3 1 0 0/0 24:12 3:58 1:42
Andrei Mironov 0 0 0 0 0 0 1 0 0 2 0/0 12:35 0:00 1:40
Barclay Goodrow 0 0 0 1 0 0 1 1 0 0 0/1 7:09 0:00 0:00
Brian Dumoulin 0 2 2 0 0 0 1 0 0 0 0/0 23:27 6:02 0:03
Bryan Bickell 0 0 0 -1 2 5 0 0 0 0 0/0 18:28 3:49 0:46
Cameron Gaunce 1 0 1 0 0 3 2 2 1 0 0/0 27:35 5:48 1:45
Corey Trivino 0 1 1 -1 0 3 1 1 0 0 11/15 18:43 3:50 1:57
Jason Akeson 0 1 1 0 2 3 2 0 0 0 1/3 21:30 5:39 0:19
Jiri Sekac 0 0 0 0 0 0 2 0 0 0 0/0 9:19 0:17 0:20
Jordan Szwarz 1 0 1 -1 0 1 0 0 0 0 0/0 19:12 3:50 0:03
Lars Eller 3 1 4 0 2 8 2 0 1 2 17/40 21:34 5:38 0:44
Marek Zagrapan 0 0 0 0 0 3 1 1 3 0 2/9 11:31 0:17 0:03
Nick Spaling 0 2 2 0 0 2 2 0 1 0 1/2 22:42 5:39 1:57
Peter Holland 1 0 1 1 0 2 0 1 0 1 0/3 8:18 0:00 0:41
Philip Larsen 0 0 0 0 0 0 2 0 1 1 0/0 15:21 0:00 0:00
Sergey Tolchinsky 0 0 0 1 0 0 0 0 0 0 0/0 7:09 0:00 0:00
Tyler Pitlick 0 0 0 0 0 1 1 0 0 0 1/2 8:58 0:17 0:00
Viktor Loov 0 1 1 0 0 0 0 1 0 3 0/0 16:50 3:44 1:40
3 Stars
1 - Lars Eller (StJ)
2 - Zack Hamill (Pro)
3 - Mattias Tedenby (Pro)
Power Play
Punishers - 1 on 3 Attempt(s) - 33.33%
Staline - 2 on 7 Attempt(s) - 28.57%
Penalty Kill
Punishers - 5 on 7 Attempt(s) - 71.43%
- Score 2 goal in Penalty Kill
Staline - 2 on 3 Attempt(s) - 66.67%
- Score 0 goal in Penalty Kill
Team Stat
Punishers - Hits : 33 - Faceoff Wins : 42 - Blocked Shots : 10 - Penalty Minutes : 14
Staline - Hits : 18 - Faceoff Wins : 33 - Blocked Shots : 10 - Penalty Minutes : 6
Official
Referees : Unknown
Linesman : Unknown
Game Notes
Lars Eller has scored a Hat Trick!
Finance
Level 1 -- Attendance: 1606 (80.30%) -- Ticket Income $46,574
Level 2 -- Attendance: 668 (66.80%) -- Ticket Income $6,680
Total Attendance: 2274 (75.80%)
Total Ticket Income: $53,254
Other Income: $2,663
Total Income: $55,917
Punishers
5 vs 5 Forward
Center Left Wing Right Wing Time % Phy DF OF
1 Zack Hamill Robbie Earl Mattias Tedenby 40 1 2 2
2 Boone Jenner Colton Gillies Miikka Salomaki 30 1 2 2
3 Mark Jankowski Garret Ross Dan Bertram 20 1 2 2
4 Radek Faksa Tyler Bertuzzi Carter Ashton 10 1 2 2
5 vs 5 Defense
Defense Defense Time % Phy DF OF
1 Stefan Elliott Adam Pelech 40 1 2 2
2 Jordan Schmaltz Patrick Wiercioch 30 1 2 2
3 Madison Bowey Dylan DeMelo 20 1 2 2
4 Trevor Van Riemsdyk Stefan Elliott 10 1 2 2
PowerPlay Forward
Center Left Wing Right Wing Time % Phy DF OF
1 Zack Hamill Robbie Earl Mattias Tedenby 60 1 2 2
2 Boone Jenner Colton Gillies Miikka Salomaki 40 1 2 2
PowerPlay Defense
Defense Defense Time % Phy DF OF
1 Stefan Elliott Adam Pelech 60 1 2 2
2 Jordan Schmaltz Patrick Wiercioch 40 1 2 2
Penalty Kill 4 Players Forward
Center Wing Time % Phy DF OF
1 Zack Hamill Robbie Earl 60 1 2 2
2 Mattias Tedenby Colton Gillies 40 1 2 2
Penalty Kill 4 Players Defense
Defense Defense Time % Phy DF OF
1 Stefan Elliott Adam Pelech 60 1 2 2
2 Jordan Schmaltz Patrick Wiercioch 40 1 2 2
Penalty Kill - 3 Players Forward
Forward Time % Phy DF OF
1 Zack Hamill 60 1 2 2
2 Robbie Earl 40 1 2 2
Penalty Kill - 3 Players Defense
Defense Defense Time % Phy DF OF
1 Stefan Elliott Adam Pelech 60 1 2 2
2 Jordan Schmaltz Patrick Wiercioch 40 1 2 2
4 vs 4 Forward
Center Wing Time % Phy DF OF
1 Zack Hamill Robbie Earl 60 1 2 2
2 Mattias Tedenby Colton Gillies 40 1 2 2
4 vs 4 Defense
Defense Defense Time % Phy DF OF
1 Stefan Elliott Adam Pelech 60 1 2 2
2 Jordan Schmaltz Patrick Wiercioch 40 1 2 2
Last Minutes Offensive
Center Left Wing Right Wing Defense Defense
Zack Hamill Robbie Earl Mattias Tedenby Stefan Elliott Adam Pelech
Last Minutes Defensive
Center Left Wing Right Wing Defense Defense
Zack Hamill Robbie Earl Mattias Tedenby Stefan Elliott Adam Pelech
Goaltenders
Starting : Kristers Gudlevskis
Backup : Louis Domingue
Extra Forwards
Normal : John Macfarland, Michael Joly, Dan Bertram - PP : John Macfarland, Michael Joly - PK : Dan Bertram
Extra Defensemen
Normal : Madison Bowey, Dylan DeMelo, Trevor Van Riemsdyk - PP : Madison Bowey - PK : Dylan DeMelo, Trevor Van Riemsdyk
Penalty Shots
Zack Hamill, Robbie Earl, Mattias Tedenby, Colton Gillies, Boone Jenner
Scratches
David Laliberté (Left Hip Injury), Daniel Altshuller (Healthy)
Staline
5 vs 5 Forward
Center Left Wing Right Wing Time % Phy DF OF
1 Lars Eller Nick Spaling Jason Akeson 40 0 1 4
2 Corey Trivino Bryan Bickell Jordan Szwarz 30 0 2 3
3 Marek Zagrapan Jiri Sekac Tyler Pitlick 20 0 2 3
4 Peter Holland Sergey Tolchinsky Barclay Goodrow 10 1 3 1
5 vs 5 Defense
Defense Defense Time % Phy DF OF
1 Cameron Gaunce Brian Dumoulin 40 0 3 2
2 Alex Petrovic Philip Larsen 30 0 3 2
3 Viktor Loov Andrei Mironov 20 0 3 2
4 Cameron Gaunce Alex Petrovic 10 0 3 2
PowerPlay Forward
Center Left Wing Right Wing Time % Phy DF OF
1 Lars Eller Nick Spaling Jason Akeson 60 0 0 5
2 Corey Trivino Bryan Bickell Jordan Szwarz 40 0 0 5
PowerPlay Defense
Defense Defense Time % Phy DF OF
1 Cameron Gaunce Brian Dumoulin 60 0 1 4
2 Viktor Loov Alex Petrovic 40 0 1 4
Penalty Kill 4 Players Forward
Center Wing Time % Phy DF OF
1 Corey Trivino Nick Spaling 60 0 5 0
2 Lars Eller Jason Akeson 40 0 5 0
Penalty Kill 4 Players Defense
Defense Defense Time % Phy DF OF
1 Cameron Gaunce Alex Petrovic 60 0 5 0
2 Viktor Loov Andrei Mironov 40 0 5 0
Penalty Kill - 3 Players Forward
Forward Time % Phy DF OF
1 Peter Holland 60 0 5 0
2 Lars Eller 40 0 5 0
Penalty Kill - 3 Players Defense
Defense Defense Time % Phy DF OF
1 Cameron Gaunce Alex Petrovic 60 0 5 0
2 Viktor Loov Brian Dumoulin 40 0 5 0
4 vs 4 Forward
Center Wing Time % Phy DF OF
1 Marek Zagrapan Jordan Szwarz 60 0 2 3
2 Lars Eller Jason Akeson 40 0 2 3
4 vs 4 Defense
Defense Defense Time % Phy DF OF
1 Cameron Gaunce Alex Petrovic 60 0 2 3
2 Viktor Loov Alex Petrovic 40 0 2 3
Last Minutes Offensive
Center Left Wing Right Wing Defense Defense
Lars Eller Nick Spaling Jason Akeson Cameron Gaunce Alex Petrovic
Last Minutes Defensive
Center Left Wing Right Wing Defense Defense
Lars Eller Nick Spaling Jordan Szwarz Cameron Gaunce Alex Petrovic
Goaltenders
Starting : Andrew Hammond
Backup : Joni Ortio
Extra Forwards
Normal : Jordan Szwarz, Marek Zagrapan, Jason Akeson - PP : Jordan Szwarz, Marek Zagrapan - PK : Nick Spaling
Extra Defensemen
Normal : Brian Dumoulin, Philip Larsen, Viktor Loov - PP : Brian Dumoulin - PK : Philip Larsen, Viktor Loov
Penalty Shots
Nick Spaling, Jordan Szwarz, Lars Eller, Jason Akeson, Bryan Bickell
Scratches
Tyler Lewington (Healthy), Tobias Lindberg (Healthy), Andrey Pedan (Healthy), Nikita Nesterov (Healthy), Charles Hudon (Healthy)
David Musil (Healthy), Danny Kristo (Left Hand Injury), Darcy Kuemper (Healthy)
% Time on Ice - Punishers
Lines # - Real PCT - Wanted PCT - Time Play
Normal Forward
1 - 34% - 40% - 14:47
2 - 30% - 30% - 13:16
3 - 19% - 20% - 8:31
4 - 16% - 10% - 7:11
Normal Defense
1 - 37% - 40% - 16:00
2 - 34% - 30% - 14:47
3 - 23% - 20% - 10:05
4 - 7% - 10% - 2:53
PP Forward
1 - 36% - 60% - 1:14
2 - 64% - 40% - 2:11
PP Defense
1 - 56% - 60% - 1:54
2 - 44% - 40% - 1:31
PK Forward
1 - 73% - 60% - 7:05
2 - 27% - 40% - 2:41
PK Defense
1 - 66% - 60% - 6:27
2 - 34% - 40% - 3:19
PK3 Forward
1 - 0% - 60%
2 - 0% - 40%
PK3 Defense
1 - 0% - 60%
2 - 0% - 40%
44 Forward
1 - 73% - 60% - 1:27
2 - 27% - 40% - 0:32
44 Defense
1 - 70% - 60% - 1:23
2 - 30% - 40% - 0:36
Last Minute Offensive - 1:05
Last Minute Defensive - 0:00
Total
Forward - 60:00
Defense - 60:00
|
% Time on Ice - Staline
Lines # - Real PCT - Wanted PCT - Time Play
Normal Forward
1 - 35% - 40% - 15:07
2 - 29% - 30% - 12:49
3 - 20% - 20% - 8:41
4 - 16% - 10% - 7:09
Normal Defense
1 - 39% - 40% - 16:57
2 - 34% - 30% - 14:44
3 - 25% - 20% - 10:54
4 - 3% - 10% - 1:11
PP Forward
1 - 61% - 60% - 5:56
2 - 39% - 40% - 3:50
PP Defense
1 - 59% - 60% - 5:48
2 - 41% - 40% - 3:58
PK Forward
1 - 79% - 60% - 2:41
2 - 21% - 40% - 0:44
PK Defense
1 - 51% - 60% - 1:45
2 - 49% - 40% - 1:40
PK3 Forward
1 - 0% - 60%
2 - 0% - 40%
PK3 Defense
1 - 0% - 60%
2 - 0% - 40%
44 Forward
1 - 72% - 60% - 1:26
2 - 28% - 40% - 0:33
44 Defense
1 - 74% - 60% - 1:28
2 - 26% - 40% - 0:31
Last Minute Offensive - 0:00
Last Minute Defensive - 1:04
Total
Forward - 60:00
Defense - 60:00
|
Play-by-Play
1st period
0:01 of 1st period - Zack Hamill wins face-off versus Lars Eller in neutral zone.
0:12 of 1st period - Snap shot by Zack Hamill.
0:12 of 1st period - Shot Misses the Net.
0:14 of 1st period - Slapshot by Adam Pelech.
0:14 of 1st period - Stopped by Andrew Hammond without a rebound.
0:15 of 1st period - Corey Trivino wins face-off versus Boone Jenner in Staline zone.
0:40 of 1st period - Alex Petrovic is hit by Dan Bertram and loses puck.
1:05 of 1st period - Jordan Schmaltz is hit by Jason Akeson and loses puck.
1:53 of 1st period - Icing by Bryan Bickell.
1:54 of 1st period - Corey Trivino wins face-off versus Zack Hamill in Staline zone.
2:09 of 1st period - Snap shot by Corey Trivino.
2:09 of 1st period - Stopped by Kristers Gudlevskis without a rebound.
2:10 of 1st period - Lars Eller wins face-off versus Mark Jankowski in Punishers zone.
2:13 of 1st period - Snap shot by Nick Spaling.
2:13 of 1st period - Stopped by Kristers Gudlevskis with a rebound.
2:15 of 1st period - Snap shot by Lars Eller.
2:15 of 1st period - Shot Misses the Net.
2:17 of 1st period - Slapshot by Nick Spaling.
2:17 of 1st period - Shot Misses the Net.
3:24 of 1st period - Snap shot by Lars Eller.
3:24 of 1st period - Shot Misses the Net.
3:36 of 1st period - Dan Bertram is hit by Jiri Sekac and loses puck.
3:43 of 1st period - Slapshot by Tyler Pitlick.
3:43 of 1st period - Stopped by Kristers Gudlevskis with a rebound.
3:45 of 1st period - Slapshot by Viktor Loov.
3:45 of 1st period - Shot Blocked by Stefan Elliott.
3:59 of 1st period - Wrist shot by Corey Trivino.
3:59 of 1st period - Stopped by Kristers Gudlevskis without a rebound.
4:00 of 1st period - Corey Trivino wins face-off versus Zack Hamill in Punishers zone.
4:01 of 1st period - Wrist shot by Jordan Szwarz.
4:01 of 1st period - Shot Misses the Net.
4:16 of 1st period - Snap shot by Corey Trivino.
4:16 of 1st period - Shot Misses the Net.
4:33 of 1st period - Wrist shot by Zack Hamill.
4:33 of 1st period - Deflect By Mattias Tedenby.
4:33 of 1st period - Shot Misses the Net.
4:33 of 1st period - Puck is out of play.
4:34 of 1st period - Lars Eller wins face-off versus Boone Jenner in Staline zone.
5:14 of 1st period - Minor Penalty to Garret Ross for Interference.
5:15 of 1st period - Lars Eller wins face-off versus Zack Hamill in Punishers zone.
6:38 of 1st period - Lars Eller is hit by Colton Gillies and loses puck.
7:14 of 1st period - Penalty to Garret Ross is over, Garret Ross is back on ice.
7:26 of 1st period - Wrist shot by Carter Ashton.
7:26 of 1st period - Shot Misses the Net.
7:28 of 1st period - Snap shot by Carter Ashton.
7:28 of 1st period - Stopped by Andrew Hammond with a rebound.
7:30 of 1st period - Wrist shot by Tyler Bertuzzi.
7:30 of 1st period - Deflect By Carter Ashton.
7:30 of 1st period - Stopped by Andrew Hammond without a rebound.
7:31 of 1st period - Boone Jenner wins face-off versus Barclay Goodrow in Staline zone.
7:34 of 1st period - Wrist shot by Colton Gillies.
7:34 of 1st period - Stopped by Andrew Hammond without a rebound.
7:35 of 1st period - Colton Gillies wins face-off versus Peter Holland in Staline zone.
7:44 of 1st period - Wrist shot by Colton Gillies.
7:44 of 1st period - Shot Misses the Net.
7:46 of 1st period - Wrist shot by Miikka Salomaki.
7:46 of 1st period - Shot Blocked by Peter Holland.
8:00 of 1st period - Minor Penalty to Miikka Salomaki for Tripping.
8:01 of 1st period - Zack Hamill wins face-off versus Lars Eller in Punishers zone.
8:16 of 1st period - Wrist shot by Lars Eller.
8:16 of 1st period - Stopped by Kristers Gudlevskis without a rebound.
8:17 of 1st period - Zack Hamill wins face-off versus Lars Eller in Punishers zone.
8:22 of 1st period - Wrist shot by Zack Hamill.
8:22 of 1st period - Goal by Zack Hamill - Punishers : 1 - Staline : 0.
8:23 of 1st period - Zack Hamill wins face-off versus Jason Akeson in neutral zone.
8:48 of 1st period - Stefan Elliott is hit by Cameron Gaunce and loses puck.
8:53 of 1st period - Wrist shot by Jordan Szwarz.
8:53 of 1st period - Goal by Jordan Szwarz - Punishers : 1 - Staline : 1.
8:54 of 1st period - Zack Hamill wins face-off versus Nick Spaling in neutral zone.
8:57 of 1st period - Wrist shot by Robbie Earl.
8:57 of 1st period - Stopped by Andrew Hammond without a rebound.
8:58 of 1st period - Lars Eller wins face-off versus Zack Hamill in Staline zone.
9:03 of 1st period - Wrist shot by Lars Eller.
9:03 of 1st period - Deflect By Jason Akeson.
9:03 of 1st period - Stopped by Kristers Gudlevskis with a rebound.
9:05 of 1st period - Slapshot by Brian Dumoulin.
9:05 of 1st period - Shot Misses the Net.
9:07 of 1st period - Slapshot by Cameron Gaunce.
9:07 of 1st period - Shot Blocked by Zack Hamill.
9:09 of 1st period - Slapshot by Cameron Gaunce.
9:09 of 1st period - Deflect By Jason Akeson.
9:09 of 1st period - Stopped by Kristers Gudlevskis without a rebound.
9:10 of 1st period - Nick Spaling wins face-off versus Mattias Tedenby in Punishers zone.
9:37 of 1st period - Jordan Szwarz is hit by Adam Pelech.
9:38 of 1st period - Icing by Jordan Szwarz.
9:39 of 1st period - Boone Jenner wins face-off versus Corey Trivino in Staline zone.
9:47 of 1st period - Icing by Bryan Bickell.
9:48 of 1st period - Corey Trivino wins face-off versus Zack Hamill in Staline zone.
10:07 of 1st period - Snap shot by Bryan Bickell.
10:07 of 1st period - Stopped by Kristers Gudlevskis without a rebound.
10:08 of 1st period - Mark Jankowski wins face-off versus Lars Eller in Punishers zone.
10:40 of 1st period - Mattias Tedenby is hit by Marek Zagrapan and loses puck.
10:45 of 1st period - Snap shot by Marek Zagrapan.
10:45 of 1st period - Stopped by Kristers Gudlevskis without a rebound.
10:46 of 1st period - Boone Jenner wins face-off versus Lars Eller in Punishers zone.
10:46 of 1st period - Boone Jenner is hit by Lars Eller.
11:00 of 1st period - Snap shot by Colton Gillies.
11:00 of 1st period - Stopped by Andrew Hammond with a rebound.
11:22 of 1st period - Slapshot by Mattias Tedenby.
11:22 of 1st period - Shot Blocked by Cameron Gaunce.
11:42 of 1st period - Slapshot by Mark Jankowski.
11:42 of 1st period - Deflect By Marek Zagrapan.
11:42 of 1st period - Shot Misses the Net.
11:42 of 1st period - Puck is out of play.
11:43 of 1st period - Lars Eller wins face-off versus Boone Jenner in Staline zone.
11:43 of 1st period - Lars Eller is hit by Miikka Salomaki.
12:09 of 1st period - Lars Eller is hit by Garret Ross and loses puck.
12:18 of 1st period - Jason Akeson is hit by Mark Jankowski.
12:23 of 1st period - Off-side.
12:24 of 1st period - Zack Hamill wins face-off versus Corey Trivino in neutral zone.
12:29 of 1st period - Snap shot by Zack Hamill.
12:29 of 1st period - Stopped by Andrew Hammond without a rebound.
12:30 of 1st period - Corey Trivino wins face-off versus Mattias Tedenby in Staline zone.
12:45 of 1st period - Snap shot by Mattias Tedenby.
12:45 of 1st period - Shot Misses the Net.
12:47 of 1st period - Slapshot by Zack Hamill.
12:47 of 1st period - Shot Blocked by Corey Trivino.
13:05 of 1st period - Snap shot by Colton Gillies.
13:05 of 1st period - Stopped by Andrew Hammond with a rebound.
13:07 of 1st period - Backhand shot by Boone Jenner.
13:07 of 1st period - Stopped by Andrew Hammond with a rebound.
13:20 of 1st period - Off-side.
13:21 of 1st period - Mark Jankowski wins face-off versus Marek Zagrapan in neutral zone.
13:24 of 1st period - Andrei Mironov is hit by Garret Ross and loses puck.
13:29 of 1st period - Wrist shot by Dan Bertram.
13:29 of 1st period - Shot Misses the Net.
13:31 of 1st period - Snap shot by Stefan Elliott.
13:31 of 1st period - Stopped by Andrew Hammond without a rebound.
13:32 of 1st period - Lars Eller wins face-off versus Zack Hamill in Staline zone.
13:45 of 1st period - Wrist shot by Lars Eller.
13:45 of 1st period - Stopped by Kristers Gudlevskis with a rebound.
13:47 of 1st period - Snap shot by Lars Eller.
13:47 of 1st period - Deflect By Nick Spaling.
13:47 of 1st period - Shot Misses the Net.
13:47 of 1st period - Puck is out of play.
13:48 of 1st period - Corey Trivino wins face-off versus Boone Jenner in Punishers zone.
15:20 of 1st period - Madison Bowey is hit by Corey Trivino and loses puck.
15:46 of 1st period - Snap shot by Mattias Tedenby.
15:46 of 1st period - Stopped by Andrew Hammond with a rebound.
15:48 of 1st period - Snap shot by Robbie Earl.
15:48 of 1st period - Shot Misses the Net.
16:05 of 1st period - Tyler Pitlick is hit by Carter Ashton and loses puck.
16:20 of 1st period - Garret Ross is hit by Cameron Gaunce and loses puck.
16:46 of 1st period - Slapshot by Corey Trivino.
16:46 of 1st period - Shot Misses the Net.
17:24 of 1st period - Lars Eller is hit by Stefan Elliott.
17:42 of 1st period - Slapshot by Radek Faksa.
17:42 of 1st period - Stopped by Andrew Hammond with a rebound.
18:00 of 1st period - Viktor Loov is hit by Robbie Earl and loses puck.
18:45 of 1st period - Snap shot by Colton Gillies.
18:45 of 1st period - Shot Blocked by Alex Petrovic.
18:47 of 1st period - Slapshot by Jordan Schmaltz.
18:47 of 1st period - Shot Blocked by Alex Petrovic.
19:09 of 1st period - Wrist shot by Boone Jenner.
19:09 of 1st period - Stopped by Andrew Hammond without a rebound.
19:10 of 1st period - Zack Hamill wins face-off versus Lars Eller in Staline zone.
19:11 of 1st period - Snap shot by Robbie Earl.
19:11 of 1st period - Shot Misses the Net.
19:13 of 1st period - Wrist shot by Robbie Earl.
19:13 of 1st period - Goal by Robbie Earl - Punishers : 2 - Staline : 1.
19:14 of 1st period - Lars Eller wins face-off versus Zack Hamill in neutral zone.
19:21 of 1st period - Snap shot by Lars Eller.
19:21 of 1st period - Shot Misses the Net.
19:23 of 1st period - Snap shot by Alex Petrovic.
19:23 of 1st period - Shot Blocked by Mattias Tedenby.
19:27 of 1st period - Snap shot by Lars Eller.
19:27 of 1st period - Shot Misses the Net.
19:39 of 1st period - Jordan Szwarz is hit by Adam Pelech and loses puck.
19:52 of 1st period - Snap shot by Dan Bertram.
19:52 of 1st period - Shot Misses the Net.
Goals for this period are 2 for Punishers vs 1 for Staline.
Shots for this period are 15 for Punishers vs 11 for Staline.
2nd period
0:01 of 2nd period - Zack Hamill wins face-off versus Jason Akeson in neutral zone.
0:49 of 2nd period - Philip Larsen is hit by Garret Ross.
1:20 of 2nd period - Sergey Tolchinsky is hit by Carter Ashton and loses puck.
1:35 of 2nd period - Snap shot by Zack Hamill.
1:35 of 2nd period - Stopped by Andrew Hammond with a rebound.
1:37 of 2nd period - Snap shot by Robbie Earl.
1:37 of 2nd period - Shot Misses the Net.
1:43 of 2nd period - Snap shot by Zack Hamill.
1:43 of 2nd period - Stopped by Andrew Hammond with a rebound.
1:45 of 2nd period - Slapshot by Zack Hamill.
1:45 of 2nd period - Stopped by Andrew Hammond with a rebound.
1:51 of 2nd period - Minor Penalty to Jason Akeson for Roughing.
1:52 of 2nd period - Mattias Tedenby wins face-off versus Corey Trivino in Staline zone.
2:49 of 2nd period - Slapshot by Bryan Bickell.
2:49 of 2nd period - Stopped by Kristers Gudlevskis with a rebound.
3:07 of 2nd period - Corey Trivino is hit by Colton Gillies and loses puck.
3:51 of 2nd period - Penalty to Jason Akeson is over, Jason Akeson is back on ice.
3:57 of 2nd period - Snap shot by Jason Akeson.
3:57 of 2nd period - Stopped by Kristers Gudlevskis without a rebound.
3:58 of 2nd period - Boone Jenner wins face-off versus Tyler Pitlick in Punishers zone.
3:58 of 2nd period - Boone Jenner is hit by Jiri Sekac.
4:12 of 2nd period - Dan Bertram is hit by Lars Eller and loses puck.
4:19 of 2nd period - Lars Eller is hit by Stefan Elliott.
4:33 of 2nd period - Snap shot by Peter Holland.
4:33 of 2nd period - Stopped by Kristers Gudlevskis with a rebound.
4:43 of 2nd period - Alex Petrovic is hit by Trevor Van Riemsdyk and loses puck.
4:53 of 2nd period - Off-side.
4:54 of 2nd period - Corey Trivino wins face-off versus Zack Hamill in neutral zone.
5:19 of 2nd period - Snap shot by Miikka Salomaki.
5:19 of 2nd period - Stopped by Andrew Hammond without a rebound.
5:20 of 2nd period - Boone Jenner wins face-off versus Lars Eller in Staline zone.
5:27 of 2nd period - Slapshot by Miikka Salomaki.
5:27 of 2nd period - Stopped by Andrew Hammond without a rebound.
5:28 of 2nd period - Zack Hamill wins face-off versus Lars Eller in Staline zone.
6:53 of 2nd period - Minor Penalty to Tyler Bertuzzi for Hooking.
6:54 of 2nd period - Zack Hamill wins face-off versus Lars Eller in Punishers zone.
7:27 of 2nd period - Wrist shot by Corey Trivino.
7:27 of 2nd period - Stopped by Kristers Gudlevskis with a rebound.
7:34 of 2nd period - Minor Penalty to Lars Eller for Holding.
7:35 of 2nd period - Marek Zagrapan wins face-off versus Zack Hamill in Staline zone.
7:41 of 2nd period - Wrist shot by Robbie Earl.
7:41 of 2nd period - Shot Misses the Net.
7:43 of 2nd period - Slapshot by Adam Pelech.
7:43 of 2nd period - Shot Blocked by Marek Zagrapan.
8:15 of 2nd period - Slapshot by Cameron Gaunce.
8:15 of 2nd period - Deflect By Colton Gillies.
8:15 of 2nd period - Stopped by Kristers Gudlevskis without a rebound.
8:16 of 2nd period - Mattias Tedenby wins face-off versus Peter Holland in Punishers zone.
8:53 of 2nd period - Penalty to Tyler Bertuzzi is over, Tyler Bertuzzi is back on ice.
9:18 of 2nd period - Icing by Patrick Wiercioch.
9:19 of 2nd period - Corey Trivino wins face-off versus Boone Jenner in Punishers zone.
9:22 of 2nd period - Snap shot by Corey Trivino.
9:22 of 2nd period - Shot Blocked by Patrick Wiercioch.
9:24 of 2nd period - Slapshot by Nick Spaling.
9:24 of 2nd period - Shot Blocked by Patrick Wiercioch.
9:34 of 2nd period - Penalty to Lars Eller is over, Lars Eller is back on ice.
9:36 of 2nd period - Wrist shot by Zack Hamill.
9:36 of 2nd period - Shot Hit the Post.
9:38 of 2nd period - Slapshot by Zack Hamill.
9:38 of 2nd period - Shot Misses the Net.
9:40 of 2nd period - Slapshot by Jordan Schmaltz.
9:40 of 2nd period - Stopped by Andrew Hammond without a rebound.
9:41 of 2nd period - Zack Hamill wins face-off versus Marek Zagrapan in Staline zone.
10:32 of 2nd period - Off-side.
10:33 of 2nd period - Zack Hamill wins face-off versus Lars Eller in neutral zone.
10:36 of 2nd period - Snap shot by Zack Hamill.
10:36 of 2nd period - Goal by Zack Hamill - Punishers : 3 - Staline : 1.
10:37 of 2nd period - Zack Hamill wins face-off versus Lars Eller in neutral zone.
10:40 of 2nd period - Alex Petrovic is hit by Adam Pelech and loses puck.
10:48 of 2nd period - Off-side.
10:49 of 2nd period - Lars Eller wins face-off versus Zack Hamill in neutral zone.
11:16 of 2nd period - Icing by Stefan Elliott.
11:17 of 2nd period - Corey Trivino wins face-off versus Boone Jenner in Punishers zone.
12:07 of 2nd period - Corey Trivino is hit by Colton Gillies and loses puck.
12:22 of 2nd period - Snap shot by Jordan Szwarz.
12:22 of 2nd period - Shot Blocked by Stefan Elliott.
12:28 of 2nd period - Miikka Salomaki is hit by Philip Larsen.
12:36 of 2nd period - Slapshot by Miikka Salomaki.
12:36 of 2nd period - Shot Misses the Net.
13:11 of 2nd period - Slapshot by Bryan Bickell.
13:11 of 2nd period - Stopped by Kristers Gudlevskis with a rebound.
13:35 of 2nd period - Wrist shot by Jordan Szwarz.
13:35 of 2nd period - Deflect By Bryan Bickell.
13:35 of 2nd period - Shot Misses the Net.
13:35 of 2nd period - Puck is out of play.
13:36 of 2nd period - Lars Eller wins face-off versus Zack Hamill in Punishers zone.
13:41 of 2nd period - Wrist shot by Lars Eller.
13:41 of 2nd period - Stopped by Kristers Gudlevskis without a rebound.
13:42 of 2nd period - Lars Eller wins face-off versus Zack Hamill in Punishers zone.
14:37 of 2nd period - Tyler Bertuzzi is hit by Andrei Mironov and loses puck.
14:44 of 2nd period - Tyler Bertuzzi is hit by Barclay Goodrow and loses puck.
15:23 of 2nd period - Slapshot by Viktor Loov.
15:23 of 2nd period - Shot Blocked by Carter Ashton.
15:55 of 2nd period - Minor Penalty to Carter Ashton for Tripping.
15:56 of 2nd period - Zack Hamill wins face-off versus Lars Eller in Punishers zone.
16:44 of 2nd period - Nick Spaling is hit by Adam Pelech and loses puck.
17:21 of 2nd period - Wrist shot by Marek Zagrapan.
17:21 of 2nd period - Stopped by Kristers Gudlevskis without a rebound.
17:22 of 2nd period - Zack Hamill wins face-off versus Lars Eller in Punishers zone.
17:37 of 2nd period - Corey Trivino is hit by Colton Gillies and loses puck.
17:55 of 2nd period - Penalty to Carter Ashton is over, Carter Ashton is back on ice.
19:14 of 2nd period - Off-side.
19:15 of 2nd period - Boone Jenner wins face-off versus Marek Zagrapan in neutral zone.
19:40 of 2nd period - Andrei Mironov is hit by Jordan Schmaltz and loses puck.
19:52 of 2nd period - Minor Penalty to Robbie Earl for Hooking.
19:53 of 2nd period - Zack Hamill wins face-off versus Lars Eller in Punishers zone.
19:53 of 2nd period - Zack Hamill is hit by Nick Spaling.
Goals for this period are 1 for Punishers vs 0 for Staline.
Shots for this period are 7 for Punishers vs 8 for Staline.
3rd period
0:01 of 3rd period - Zack Hamill wins face-off versus Lars Eller in neutral zone.
0:16 of 3rd period - Snap shot by Zack Hamill.
0:16 of 3rd period - Deflect By Dan Bertram.
0:16 of 3rd period - Shot Misses the Net.
0:16 of 3rd period - Puck is out of play.
0:17 of 3rd period - Corey Trivino wins face-off versus Zack Hamill in Staline zone.
0:42 of 3rd period - Lars Eller is hit by Zack Hamill and loses puck.
0:49 of 3rd period - Slapshot by Cameron Gaunce.
0:49 of 3rd period - Goal by Cameron Gaunce - Punishers : 3 - Staline : 2.
0:50 of 3rd period - Zack Hamill wins face-off versus Lars Eller in neutral zone.
1:01 of 3rd period - Snap shot by Robbie Earl.
1:01 of 3rd period - Shot Misses the Net.
1:03 of 3rd period - Slapshot by Stefan Elliott.
1:03 of 3rd period - Stopped by Andrew Hammond without a rebound.
1:04 of 3rd period - Lars Eller wins face-off versus Zack Hamill in Staline zone.
1:04 of 3rd period - Lars Eller is hit by Mattias Tedenby.
1:51 of 3rd period - Snap shot by Carter Ashton.
1:51 of 3rd period - Stopped by Andrew Hammond without a rebound.
1:52 of 3rd period - Radek Faksa wins face-off versus Marek Zagrapan in Staline zone.
2:58 of 3rd period - Slapshot by Patrick Wiercioch.
2:58 of 3rd period - Shot Blocked by Barclay Goodrow.
3:01 of 3rd period - Icing by Barclay Goodrow.
3:02 of 3rd period - Boone Jenner wins face-off versus Peter Holland in Staline zone.
3:02 of 3rd period - Minor Penalty to Boone Jenner for Holding.
3:03 of 3rd period - Lars Eller wins face-off versus Zack Hamill in Punishers zone.
3:28 of 3rd period - Brian Dumoulin is hit by Mattias Tedenby and loses puck.
3:37 of 3rd period - Snap shot by Mattias Tedenby.
3:37 of 3rd period - Goal by Mattias Tedenby - Punishers : 4 - Staline : 2.
3:38 of 3rd period - Jason Akeson wins face-off versus Zack Hamill in neutral zone.
3:51 of 3rd period - Slapshot by Lars Eller.
3:51 of 3rd period - Shot Misses the Net.
4:27 of 3rd period - Jordan Schmaltz is hit by Jason Akeson and loses puck.
5:02 of 3rd period - Penalty to Boone Jenner is over, Boone Jenner is back on ice.
5:11 of 3rd period - Madison Bowey is hit by Tyler Pitlick and loses puck.
5:37 of 3rd period - Peter Holland is hit by Carter Ashton and loses puck.
6:22 of 3rd period - Snap shot by Lars Eller.
6:22 of 3rd period - Stopped by Kristers Gudlevskis with a rebound.
6:56 of 3rd period - Lars Eller is hit by Colton Gillies and loses puck.
7:11 of 3rd period - Mattias Tedenby is hit by Brian Dumoulin.
7:18 of 3rd period - Off-side.
7:19 of 3rd period - Zack Hamill wins face-off versus Corey Trivino in neutral zone.
7:26 of 3rd period - Wrist shot by Mattias Tedenby.
7:26 of 3rd period - Stopped by Andrew Hammond without a rebound.
7:27 of 3rd period - Corey Trivino wins face-off versus Zack Hamill in Staline zone.
8:42 of 3rd period - Slapshot by Mattias Tedenby.
8:42 of 3rd period - Shot Blocked by Alex Petrovic.
8:44 of 3rd period - Snap shot by Mattias Tedenby.
8:44 of 3rd period - Stopped by Andrew Hammond without a rebound.
8:45 of 3rd period - Boone Jenner wins face-off versus Lars Eller in Staline zone.
8:46 of 3rd period - Snap shot by Colton Gillies.
8:46 of 3rd period - Shot Misses the Net.
9:12 of 3rd period - Marek Zagrapan is hit by Mark Jankowski and loses puck.
9:38 of 3rd period - Off-side.
9:39 of 3rd period - Lars Eller wins face-off versus Miikka Salomaki in neutral zone.
9:42 of 3rd period - Snap shot by Brian Dumoulin.
9:42 of 3rd period - Deflect By Nick Spaling.
9:42 of 3rd period - Shot Misses the Net.
9:42 of 3rd period - Puck is out of play.
9:43 of 3rd period - Boone Jenner wins face-off versus Lars Eller in Punishers zone.
9:45 of 3rd period - Icing by Colton Gillies.
9:46 of 3rd period - Lars Eller wins face-off versus Boone Jenner in Punishers zone.
9:47 of 3rd period - Wrist shot by Nick Spaling.
9:47 of 3rd period - Stopped by Kristers Gudlevskis with a rebound.
9:49 of 3rd period - Slapshot by Brian Dumoulin.
9:49 of 3rd period - Shot Misses the Net.
9:51 of 3rd period - Snap shot by Lars Eller.
9:51 of 3rd period - Goal by Lars Eller - Punishers : 4 - Staline : 3.
9:52 of 3rd period - Lars Eller wins face-off versus Zack Hamill in neutral zone.
9:55 of 3rd period - Wrist shot by Lars Eller.
9:55 of 3rd period - Goal by Lars Eller - Punishers : 4 - Staline : 4.
9:56 of 3rd period - Lars Eller wins face-off versus Zack Hamill in neutral zone.
10:25 of 3rd period - Snap shot by Jordan Szwarz.
10:25 of 3rd period - Shot Blocked by Adam Pelech.
10:31 of 3rd period - Wrist shot by Bryan Bickell.
10:31 of 3rd period - Stopped by Kristers Gudlevskis without a rebound.
10:32 of 3rd period - Zack Hamill wins face-off versus Marek Zagrapan in Punishers zone.
10:37 of 3rd period - Marek Zagrapan is hit by Robbie Earl and loses puck.
11:24 of 3rd period - Minor Penalty to Garret Ross for High sticking.
11:25 of 3rd period - Zack Hamill wins face-off versus Lars Eller in Punishers zone.
11:25 of 3rd period - Zack Hamill is hit by Nick Spaling.
12:00 of 3rd period - Slapshot by Cameron Gaunce.
12:00 of 3rd period - Stopped by Kristers Gudlevskis without a rebound.
12:01 of 3rd period - Lars Eller wins face-off versus Zack Hamill in Punishers zone.
12:04 of 3rd period - Snap shot by Jason Akeson.
12:04 of 3rd period - Deflect By Lars Eller.
12:04 of 3rd period - Stopped by Kristers Gudlevskis with a rebound.
12:36 of 3rd period - Snap shot by Mattias Tedenby.
12:36 of 3rd period - Shot Blocked by Viktor Loov.
12:42 of 3rd period - Minor Penalty to Bryan Bickell for Holding.
12:43 of 3rd period - Marek Zagrapan wins face-off versus Robbie Earl in Staline zone.
13:23 of 3rd period - Wrist shot by Mattias Tedenby.
13:23 of 3rd period - Stopped by Andrew Hammond without a rebound.
13:24 of 3rd period - Penalty to Garret Ross is over, Garret Ross is back on ice.
13:24 of 3rd period - Boone Jenner wins face-off versus Lars Eller in Staline zone.
14:08 of 3rd period - Snap shot by Miikka Salomaki.
14:08 of 3rd period - Goal by Miikka Salomaki - Punishers : 5 - Staline : 4.
14:09 of 3rd period - Zack Hamill wins face-off versus Lars Eller in neutral zone.
14:12 of 3rd period - Cameron Gaunce is hit by Zack Hamill and loses puck.
14:16 of 3rd period - Icing by Cameron Gaunce.
14:17 of 3rd period - Zack Hamill wins face-off versus Lars Eller in Staline zone.
14:20 of 3rd period - Wrist shot by Zack Hamill.
14:20 of 3rd period - Shot Blocked by Cameron Gaunce.
14:38 of 3rd period - Snap shot by Lars Eller.
14:38 of 3rd period - Goal by Lars Eller - Punishers : 5 - Staline : 5.
14:39 of 3rd period - Zack Hamill wins face-off versus Lars Eller in neutral zone.
14:54 of 3rd period - Brian Dumoulin is hit by Stefan Elliott and loses puck.
15:13 of 3rd period - Slapshot by Miikka Salomaki.
15:13 of 3rd period - Shot Misses the Net.
15:15 of 3rd period - Slapshot by Adam Pelech.
15:15 of 3rd period - Shot Misses the Net.
15:33 of 3rd period - Cameron Gaunce is hit by Dan Bertram and loses puck.
15:46 of 3rd period - Slapshot by Cameron Gaunce.
15:46 of 3rd period - Shot Blocked by Carter Ashton.
17:24 of 3rd period - Snap shot by Peter Holland.
17:24 of 3rd period - Goal by Peter Holland - Punishers : 5 - Staline : 6.
17:25 of 3rd period - Tyler Pitlick wins face-off versus Mark Jankowski in neutral zone.
17:27 of 3rd period - Off-side.
17:28 of 3rd period - Mark Jankowski wins face-off versus Marek Zagrapan in neutral zone.
17:40 of 3rd period - Wrist shot by Marek Zagrapan.
17:40 of 3rd period - Shot Misses the Net.
17:42 of 3rd period - Slapshot by Philip Larsen.
17:42 of 3rd period - Shot Misses the Net.
18:10 of 3rd period - Jason Akeson is hit by Adam Pelech and loses puck.
18:45 of 3rd period - Punishers, Kristers Gudlevskis is pulled from the net.
19:05 of 3rd period - Robbie Earl is hit by Philip Larsen and loses puck.
19:16 of 3rd period - Marek Zagrapan is hit by Mattias Tedenby and loses puck.
19:33 of 3rd period - Icing by Robbie Earl.
19:34 of 3rd period - Kristers Gudlevskis from Punishers was sent back in the game.
19:34 of 3rd period - Zack Hamill wins face-off versus Marek Zagrapan in Punishers zone.
19:55 of 3rd period - Snap shot by Marek Zagrapan.
19:55 of 3rd period - Stopped by Kristers Gudlevskis with a rebound.
19:57 of 3rd period - Slapshot by Brian Dumoulin.
19:57 of 3rd period - Shot Blocked by Mattias Tedenby.
19:59 of 3rd period - Slapshot by Bryan Bickell.
19:59 of 3rd period - Stopped by Kristers Gudlevskis with a rebound.
Goals for this period are 2 for Punishers vs 5 for Staline.
Shots for this period are 7 for Punishers vs 12 for Staline.
Back to the Top